 Adventure DCSS version bcrawl-1.18.1 (webtiles) character file.

Game seed: 12707066452690692243

984 Leeroy the Destroyer (level 7, -1/41 HPs)
             Began as a Skeleton Reaver on Nov 11, 2019.
             Was a Priest of Vehumet.
             Slain by a gnoll
             ... wielding a +0 halberd
              (13 damage)
             ... on level 9 of the Dungeon.
             The game lasted 00:21:25 (7659 turns).

Leeroy the Destroyer (Skeleton Reaver)              Turns: 7659, Time: 00:21:26

Health: -1/41      AC: 13    Str: 18    XL:     7   Next: 97%
Magic:  0/11       EV:  9    Int: 14    God:    Vehumet [***...]
Gold:   43         SH:  0    Dex:  8    Spells: 5/12 levels left
                                        Lives:  0   Deaths: 2

rFire    + . .     SeeInvis .   d - +1 short sword (speed)
rCold    + . .     Gourm    .   (no shield)
rNeg     + + +     Faith    .   j - +2 chain mail {rF+}
rPois    ∞         Spirit   +   q - +0 helmet
rElec    .         Reflect  .   A - scarf {repulsion}
rCorr    +         Harm     .   (no gloves)
MR       +....                  (no boots)
Stlth    ..........             H - amulet of the acrobat
HPRegen  0.13/turn              k - ring of resist corrosion
MPRegen  0.12/turn              z - ring of wizardry

@: repel missiles
A: no food or potions, cold resistance 1, deterioration 1, negative energy
resistance 3, powered by death 1, torment resistance, unbreathing, magic shield,
sturdy frame 1, spell healing
a: Renounce Religion


You were on level 9 of the Dungeon.
You worshipped Vehumet.
Vehumet was most pleased with you.
You were not hungry.

You visited 1 branch of the dungeon, and saw 9 of its levels.

You collected 340 gold pieces.
You spent 297 gold pieces at shops.

Inventory:

Hand Weapons
 a - a +0 long sword
 d - a +1 short sword of speed (weapon)
 i - a +2 dagger of venom
 o - a +0 hunting sling
 s - a +0 dagger of flaming
 t - a +1 dagger of pain
 v - a +1 whip of draining
 x - a +0 rapier
 C - a +0 long sword
 D - a -3 spear
 K - the +7 Singing Sword {slice}
   (You found it on level 6 of the Dungeon)

   It inflicts extra damage upon your enemies.
Missiles
 p - 1317 stones (quivered)
 u - 141 tomahawks
 G - 713 arrows
Armour
 b - +1 steam dragon scales
 j - a +2 chain mail of fire resistance (worn)
 q - a +0 helmet (worn)
 A - a scarf of repulsion (worn)
 L - the +1 robe of the Nine Ghosts {Regen+ Str+3 Dex-2}
   (You found it on level 6 of the Dungeon)

   It affects your strength (+3).
   It affects your dexterity (-2).
   It increases your rate of regeneration.
 M - a +1 leather armour of poison resistance
Jewellery
 k - a ring of resist corrosion (left hand)
 z - a ring of wizardry (right hand)
 H - an amulet of the acrobat (around neck)
 I - an uncursed amulet of faith
Wands
 h - a wand of enslavement (9)
 y - a wand of paralysis (11)
 J - a wand of clouds (5)
Scrolls
 c - 2 scrolls of immolation
 e - 2 scrolls of teleportation
 f - 4 scrolls of enchant armour
 g - a scroll of noise {unknown}
 l - a scroll of fog {unknown}
 m - 3 scrolls of fear {unknown}
 n - 4 scrolls of remove curse
 r - 2 scrolls of enchant weapon {unknown}
 w - a scroll of magic mapping {unknown}
 B - 2 scrolls of amnesia {unknown}
Potions
 E - 2 potions of agility
Comestibles
 F - 3 rations {!d}


   Skills:
 - Level 3.0 Fighting
 - Level 8.1 Long Blades
 - Level 5.0 Armour
 + Level 3.2 Dodging
 - Level 5.0 Stealth
 - Level 3.0 Spellcasting
 - Level 8.2 Conjurations
 - Level 0.3 Evocations


You had 5 spell levels left.
You knew the following spells:

 Your Spells              Type           Power        Failure   Level  Hunger
a - Sting                 Conj/Pois      ##..         3%          1    N/A
b - Magic Dart            Conj           ####         1%          1    N/A
c - Iskenderun's Battles  Conj/Chrm      ##......     52%         5    N/A

Your spell library contained the following spells:

 Spells                   Type           Power        Failure   Level  Hunger
 Olgreb's Toxic Radiance  Pois           #.......     71%         4    N/A

Dungeon Overview and Level Annotations

Branches:
Dungeon (9/12)             Temple (0/1) D:6
   Lair: D:7-9          Orc: D:8-11

Altars:
Dithmenos
Fedhas
Gozag
Hepliaklqana
Makhleb
Nemelex Xobeh
Okawaru
Xom
Zin

Shops:
D:5 }[   D:6 (

Annotations:
D:7 Joseph


Innate Abilities, Weirdness & Mutations

You do not eat or drink.
You are immune to poison.
Your flesh is cold resistant. (rC+)
Your body sometimes deteriorates upon taking damage.
You are immune to negative energy. (rN+++)
You regenerate a little health from kills.
You are immune to unholy pain and torment.
You can survive without breathing.
When hurt, damage is shared between your health and your magic reserves.
Your movements are slightly less encumbered by armour. (ER -2)
Casting spells heals you.


Message History

Press: ? - help, Shift-Dir - straight line, f - ogre
Aim: an ogre, wielding a +0 giant spiked club The sting hits the ogre.
The ogre is poisoned.
The ogre is lightly wounded.
The ogre hits you with a +0 giant spiked club.
* * * LOW HITPOINT WARNING * * *
An orc wizard comes into view. It is wielding a +0 dagger.
The orc wizard gestures at you while chanting.
You resist with almost no effort.
Found 227 stones.
Found a stone staircase leading up.
A sky beast comes into view.
The ogre looks more healthy.
Found a shiny pearl ring.
A gnoll comes into view. It is wielding a +0 halberd.
The gnoll drinks a potion.
The gnoll goes berserk!
The gnoll completely misses you. The sky beast misses you.
There is a stone staircase leading up here.
The gnoll hits you with a +0 halberd!
You die...

#....# #....#
#....#
#####....## .
..##......#
...###(##......#
...#.#.##.gY...#
.....#.##.@#
=......##O.#
#.#....##
#.#.####
...####.#.#####.
...o.............
..##.#.#########
#......# #......#


You could see a sky beast, an ogre and a gnoll (berserk).

Vanquished Creatures
  A hungry ghost (D:5)
  A sky beast (D:6)
  An ogre (D:4)
  5 centaurs
  2 phantoms
  2 bullfrogs
  A water moccasin skeleton (D:7)
  4 hounds
  A centaur skeleton (D:4)
  An orc priest (D:5)
  A jelly (D:5)
  5 orc wizards
  An iguana (D:6)
  2 worker ants
  Terence (D:2)
  Robin (D:2)
  7 gnolls
  2 adders
  A shadow imp (D:9)
  2 oozes (D:3)
  6 worms
  4 dart slugs
  3 leopard geckos
  26 orcs
  A ball python (D:2)
  4 giant cockroaches
  11 goblins
  11 hobgoblins
  6 jackals
  7 kobolds
  6 quokkas
  A bat (D:3)
  4 frilled lizards
  A quokka zombie (D:5)
  5 rats
138 creatures vanquished.

Notes
Turn   | Place    | Note
-------+----------+-------------------------------------------
     0 | D:1      | Leeroy the Skeleton Reaver began the quest for the Orb.
     0 | D:1      | Reached XP level 1. HP: 14/14 MP: 4/4
   614 | D:1      | Reached XP level 2. HP: 13/19 MP: 4/6
  1117 | D:2      | Reached skill level 5 in Long Blades
  1131 | D:2      | Noticed Terence
  1177 | D:2      | Slain by Terence
  1178 | D:2      | Reached XP level 1. HP: 0/14 MP: 0/4
  1210 | D:2      | Killed Terence
  1210 | D:2      | Reached XP level 2. HP: 19/19 MP: 6/6
  1210 | D:2      | Reached XP level 3. HP: 23/23 MP: 7/7
  1273 | D:2      | Reached * piety under Vehumet
  1273 | D:2      | Offered knowledge of Sting by Vehumet.
  1293 | D:2      | Learned a level 1 spell: Sting
  1458 | D:2      | Noticed Robin
  1478 | D:2      | Killed Robin
  1759 | D:2      | Found a blossoming altar of Fedhas.
  1932 | D:2      | Reached XP level 4. HP: 28/28 MP: 8/8
  2365 | D:3      | Reached XP level 5. HP: 27/32 MP: 7/9
  2379 | D:3      | Reached ** piety under Vehumet
  2379 | D:3      | Offered knowledge of Magic Dart by Vehumet.
  2425 | D:3      | Learned a level 1 spell: Magic Dart
  2431 | D:3      | Learned a level 5 spell: Iskenderun's Battlesphere
  3554 | D:4      | Reached skill level 1 in Stealth
  3554 | D:4      | Gained mutation: You regenerate a little health from kills.
                  | [Skeleton growth]
  3554 | D:4      | Reached XP level 6. HP: 24/37 MP: 4/10
  3641 | D:4      | Found a shadowy altar of Dithmenos.
  3658 | D:4      | Found a burning altar of Makhleb.
  3658 | D:4      | Found a glowing silver altar of Zin.
  3659 | D:4      | Noticed an angel
  3659 | D:4      | Noticed a balrug
  3705 | D:4      | Found a shimmering altar of Xom.
  4188 | D:5      | Entered Level 5 of the Dungeon
  4211 | D:4      | Offered knowledge of Stone Arrow by Vehumet.
  4699 | D:5      | Reached skill level 5 in Stealth
  4699 | D:5      | Reached XP level 7. HP: 39/41 MP: 11/11
  5221 | D:5      | Found Carry's Antique Armour Emporium.
  5437 | D:5      | Reached skill level 5 in Conjurations
  5719 | D:5      | Found Bialar's Gadget Shoppe.
  5727 | D:5      | Bought a wand of clouds (5) for 297 gold pieces
  5968 | D:5      | Reached XP level 8. HP: 46/46 MP: 12/12
  6113 | D:6      | Found the +7 Singing Sword {slice}
  6113 | D:6      | Found Rokky's Weapon Boutique.
  6118 | D:6      | Reached *** piety under Vehumet
  6146 | D:6      | Found a hazy altar of Hepliaklqana.
  6147 | D:6      | Got a faintly glowing robe
  6151 | D:6      | Found a sparkling altar of Nemelex Xobeh.
  6746 | D:5      | Identified the +1 robe of the Nine Ghosts {Regen+ Str+3
                  | Dex-2} (You found it on level 6 of the Dungeon)
  6795 | D:6      | Found an opulent altar of Gozag.
  6967 | D:6      | Found an iron altar of Okawaru.
  7016 | D:6      | Found a staircase to the Ecumenical Temple.
  7167 | D:5      | Mangled by an orc wizard
  7168 | D:5      | Reached XP level 7. HP: -12/41 MP: 0/11
  7410 | D:7      | Noticed a troll
  7554 | D:7      | Noticed Joseph
  7554 | D:7      | Noticed a hippogriff
  7590 | D:8      | Noticed a yak
  7591 | D:8      | Noticed a yak
  7591 | D:8      | Noticed a yak
  7592 | D:8      | Noticed a yak
  7592 | D:8      | Noticed a yak
  7608 | D:9      | Offered knowledge of Olgreb's Toxic Radiance by Vehumet.
  7616 | D:9      | Reached skill level 5 in Armour
  7659 | D:9      | Slain by a gnoll

Skill      XL: |  1  2  3  4  5  6  7  8 |
---------------+-------------------------+-----
Long Blades    | 4 5 6 7 8 |  8.1
Stealth        | 1 5 |  5.0
Conjurations   | 6 8 |  8.2
Armour         | 5 3 |  5.0
Fighting       | |  3.0
Dodging        | |  3.2
Spellcasting   | |  3.0
Evocations     | |  0.3

Action                   |  1- 3 |  4- 6 |  7- 9 || total
-------------------------+-------+-------+-------++-------
Melee: Short sword       |   188 |   269 |   295 ||   752
       Long sword        |     9 |       |       ||     9
       Double sword      |       |       |    14 ||    14
Throw: Stone             |       |       |     2 ||     2
 Cast: Sting             |       |    33 |    23 ||    56
       Magic Dart        |       |    15 |    17 ||    32
Evoke: Wand              |       |     1 |       ||     1
  Use: Scroll            |       |     3 |     7 ||    10
 Stab: Sleeping          |       |     2 |     2 ||     4
       Paralysed         |       |     1 |       ||     1
       Invisible         |       |       |     1 ||     1
Armor: Steam dragon scal |    30 |    49 |    35 ||   114
       Chain mail        |       |       |    38 ||    38
       Robe              |       |       |     1 ||     1
Dodge: Dodged            |    92 |   117 |   158 ||   367
       Deflected         |       |       |     1 ||     1
